 Dungeon Crawl Stone Soup version 0.29.1-2-gbd0b4ee654 (webtiles) character file.

Game seed: 1921236140464109003

415 safid the Shooter (level 6, -2/57 HPs)
             Began as a Minotaur Hunter on Nov 1, 2022.
             Splashed by a jelly's acid (5 damage)
             ... on level 5 of the Dungeon.
             The game lasted 00:04:28 (3334 turns).

safid the Shooter (Minotaur Hunter)                 Turns: 3334, Time: 00:04:28

Health: -2/57      AC: -1    Str: 16    XL:     6   Next: 60%
Magic:  5/5        EV: 16    Int:  6    God:
Gold:   152        SH:  0    Dex: 15    Spells: 5/5 levels left

rFire   . . .      SeeInvis .   a - +0 shortbow
rCold   . . .      Faith    .   (shield currently unavailable)
rNeg    . . .      Spirit   .   c - +0 leather armour
rPois   .          Reflect  .   (helmet restricted)
rElec   .          Harm     .   (no cloak)
rCorr   .          Rampage  .   (no gloves)
Will    .....                   (no boots)
Stlth   +.........              (no amulet)
HPRegen 0.19/turn               s - +4 ring of evasion
MPRegen 0.09/turn               (no ring)

@: corroded
A: horns 2, retaliatory headbutt
a: no special abilities


You were on level 5 of the Dungeon.
You visited 1 branch of the dungeon, and saw 5 of its levels.

You collected 152 gold pieces.

Inventory:

Hand Weapons
 a - a +0 shortbow (weapon)
Armour
 c - a +0 leather armour (worn)
Jewellery
 l - a ring of fire
 s - a +4 ring of evasion (left hand)
Wands
 n - a wand of flame (20)
 p - a wand of roots (5)
Scrolls
 b - 2 scrolls of immolation
 g - a scroll of enchant armour {unknown}
 h - a scroll of teleportation {unknown}
 i - a scroll of identify {unknown}
 m - a scroll of magic mapping {unknown}
 q - a scroll of blinking {unknown}
 r - a scroll of noise {unknown}
 t - 2 scrolls of fear {unknown}
Potions
 d - 4 potions of curing {unknown}
 e - 2 potions of heal wounds {unknown}
 f - 2 potions of mutation {unknown}
 j - 3 potions of brilliance {unknown}
 k - a potion of lignification {unknown}
 o - a potion of ambrosia {unknown}
 u - a potion of cancellation {unknown}


   Skills:
 + Level 6.3 Fighting
 + Level 6.9 Ranged Weapons
 - Level 2.1 Dodging
 - Level 0.7 Stealth


You had 5 spell levels left.
You didn't know any spells.
Your spell library contained the following spells:

 Spells                   Type           Power      Damage    Failure   Level
 Apportation              Tloc           0%         N/A       52%         1
 Gell's Gravitas          Tloc           0%         N/A       88%         3
 Teleport Other           Tloc           0%         N/A       88%         3
 Alistair's Intoxication  Tmut/Pois      0%         N/A       100%        5
 Dispersal                Tloc           0%         N/A       100%        6


Dungeon Overview and Level Annotations

Branches:
Dungeon (5/15)
 Temple: D:4-7

Altars:
Trog

Shops:
D:1 (


Innate Abilities, Weirdness & Mutations

You have a pair of horns on your head.
You reflexively headbutt those who attack you in melee.


Message History

You shoot an arrow. The arrow hits the necrophage!
The necrophage is severely damaged.
The necrophage hits you.
You shoot an arrow.
The arrow hits the necrophage but does no damage.
The necrophage is severely damaged.
The necrophage hits you.
The jelly jiggles.
The jelly barely misses you.
You shoot an arrow. The arrow hits the necrophage.
The necrophage is almost destroyed.
You hear a distant slurping noise.
The necrophage hits you but does no damage.
The jelly hits you but does no damage.
The ogre hits you with a +0 giant spiked club!!!
Ouch! That really hurt!
* * * LOW HITPOINT WARNING * * *
You are too injured to fight recklessly!
You are too injured to fight recklessly!
Unknown command.
Fire: a) +0 shortbow
Press: ? - help, Q - select action, (/) - cycle Shift-Dir - straight line, f/p - necrophage
Aim: a necrophage (almost destroyed, 65% to hit)
You shoot an arrow. The arrow hits the necrophage!
You destroy the necrophage!
The jelly closely misses you. The ogre misses you. You furiously retaliate!
You headbutt the ogre! The jelly hits you.
* * * LOW HITPOINT WARNING * * *
The acid corrodes you!
You are splashed with acid!
* * * LOW HITPOINT WARNING * * *
Unknown command.
Fire: a) +0 shortbow
Press: ? - help, Q - select action, (/) - cycle Shift-Dir - straight line, f - jelly
Aim: a jelly (91% to hit)
You shoot an arrow. The arrow hits the jelly.
The jelly is lightly wounded.
The jelly hits you.
* * * LOW HITPOINT WARNING * * *
You are splashed with acid.
You die...

..# ... #.####
###.#.. #
.#?#.#.#.#
....... #J..#
#@#
#>....†O......
#.##.#....?#.#
#.#.##### #
#.# #.. #.#
#..


You could see an ogre and a jelly.

Vanquished Creatures
  2 necrophages
  A scorpion (D:4)
  Jessica (D:2)
  Natasha (thrice) (D:2)
  An iguana (D:4)
  4 adders
  2 worms
  6 orcs
  8 ball pythons
  6 endoplasms
  2 giant cockroaches
  5 goblins
  3 hobgoblins (D:1)
  3 quokkas
  11 bats
  3 frilled lizards
  8 kobolds
  10 rats
79 creatures vanquished.

Notes
Turn   | Place    | Note
-------+----------+-------------------------------------------
     0 | D:1      | safid the Minotaur Hunter began the quest for the Orb.
     0 | D:1      | Reached XP level 1. HP: 18/18 MP: 0/0
   222 | D:1      | Reached XP level 2. HP: 20/25 MP: 1/1
   471 | D:1      | Found Odusimne's Weapon Boutique.
   486 | D:1      | Found a faded altar of an unknown god.
   892 | D:2      | Reached skill level 5 in Ranged Weapons
   892 | D:2      | Reached XP level 3. HP: 31/31 MP: 2/2
   958 | D:2      | Noticed Natasha
   967 | D:2      | Killed Natasha
  1053 | D:2      | Noticed Jessica
  1056 | D:2      | Killed Jessica
  1057 | D:2      | Reached XP level 4. HP: 40/40 MP: 3/3
  1662 | D:2      | Noticed Natasha
  1708 | D:2      | Killed Natasha
  1709 | D:2      | Reached XP level 5. HP: 12/47 MP: 4/4
  1737 | D:2      | Noticed Natasha
  1979 | D:2      | Killed Natasha
  1980 | D:2      | Reached skill level 5 in Fighting
  2944 | D:4      | Reached XP level 6. HP: 57/57 MP: 5/5
  2950 | D:4      | Identified the +10 quarterstaff "Fidyll" {vamp, +Blink rN+
                  | Int+4}
  3067 | D:4      | Identified the +1 robe of Hiawk {Harm Drain rN+}
  3150 | D:4      | Found a bloodstained altar of Trog.
  3327 | D:5      | Entered Level 5 of the Dungeon
  3334 | D:5      | Splashed by a jelly's acid

Illustrated notes

Levels and vault maps discovered:
D:1:      dpeg_arrival_tiny_b, layout_loops_cross, serial_shops,
          nicolae_square_shop, shapermc_ecumenical_altar_venn
D:2:      layout_loops_ring, uniq_natasha, uniq_jessica
D:3:      layout_rooms, serial_park_tiny_1
D:4:      layout_loops_ring, lightli_temple_of_fire, hangedman_decor_slide_cut,
          palyth_stone_intersect, chequers_serial_rivers_micro_a
D:5:      layout_basic, minmay_temple_entry_crystal_x

Skill      XL: |  1  2  3  4  5  6 |
---------------+-------------------+-----
Fighting       | 3 4 5 6 |  6.3
Ranged Weapons | 5 6 |  6.9
Dodging        | |  2.1
Stealth        | |  0.7

Action                   |  1- 3 |  4- 6 || total
-------------------------+-------+-------++-------
 Fire: Shortbow          |    93 |   144 ||   237
Armor: Leather armour    |    14 |    11 ||    25
Dodge: Dodged            |    32 |    33 ||    65
